 Dungeon Crawl Stone Soup version 0.23-a0-315-ga85b81c (webtiles) character file.

1092 MatthieuS the Chopper (level 8, -2/75 HPs)
             Began as a Deep Dwarf Wanderer on Oct 13, 2018.
             Slain by an orc warrior
             ... wielding a +0 war axe
              (11 damage)
             ... on level 6 of the Dungeon.
             The game lasted 00:14:46 (4501 turns).

MatthieuS the Chopper (Deep Dwarf Wanderer)         Turns: 4501, Time: 00:14:47

Health: -2/75      AC:  8    Str: 20    XL:     8   Next: 9%
Magic:  5/5        EV:  9    Int: 12    God:
Gold:   185        SH:  0    Dex: 11    Spells: 13/13 levels left

rFire    . . .     SeeInvis .   a - +0 hand axe
rCold    . . .     Gourm    .   (no shield)
rNeg     . . .     Faith    .   t - +0 scale mail {rPois}
rPois    +         Spirit   .   (no helmet)
rElec    .         Reflect  .   (no cloak)
rCorr    .         Harm     +   (no gloves)
MR       +....                  n - +0 pair of boots
Stlth    ..........             m - amulet of harm
HPRegen  0.00/turn              u - ring of wizardry
MPRegen  0.09/turn              (no ring)

@: non-regenerating
A: damage resistance, heal wounds, sense surroundings 1, no regeneration
a: Heal Wounds


You were on level 6 of the Dungeon.
You were not hungry.

You visited 1 branch of the dungeon, and saw 6 of its levels.

You collected 305 gold pieces.
You spent 120 gold pieces at shops.

Inventory:

Hand Weapons
 a - a +0 hand axe (weapon)
   (You took it off an orc on level 4 of the Dungeon)
 o - a +0 dagger of flaming
   (You found it on level 1 of the Dungeon)
 w - a +3 hand crossbow
Missiles
 b - 15 bolts
Armour
 n - a +0 pair of boots (worn)
   (You found it on level 1 of the Dungeon)
 t - a +0 scale mail of poison resistance (worn)
   (You bought it in a shop on level 6 of the Dungeon)
Jewellery
 m - an amulet of harm (around neck)
   (You found it on level 1 of the Dungeon)
 u - a ring of wizardry (left hand)
   (You found it on level 5 of the Dungeon)
Scrolls
 d - 3 scrolls of teleportation {@r4}
 k - 2 scrolls of fog
 l - 2 scrolls of remove curse {@r2}
 p - 3 scrolls of identify {@r1}
 s - 2 scrolls of blinking
Potions
 c - a potion of curing {@q1}
 i - 2 potions of magic
 j - a potion of haste {unknown}
 q - a potion of berserk rage {unknown}
 r - a potion of brilliance {unknown}
 v - a potion of resistance
Comestibles
 e - 6 rations
 g - a chunk of flesh


   Skills:
 + Level 5.4 Fighting
 * Level 7.2 Axes
 - Level 2.1 Crossbows
 + Level 3.6 Armour
 - Level 1.2 Stealth
 - Level 3.0 Spellcasting
   Level 1.3 Evocations


You had 13 spell levels left.
You didn't know any spells.
Your spell library was empty.

Dungeon Overview and Level Annotations

Branches:
Dungeon (6/15)
 Temple: D:4-7

Altars:
Ashenzari
Gozag
Okawaru

Shops:
D:6 [

Annotations:
D:2 1 runed door
D:5 Prince Ribbit


Innate Abilities, Weirdness & Mutations

You are resistant to damage.
You can heal yourself by infusing magical energy.
You passively map a small area around you.
You do not regenerate.


Message History

You barely miss the orc warrior.
The orc warrior hits you but does no damage.
Unknown command.
You hit the orc warrior but do no damage.
The orc warrior hits you with a war axe.
Unknown command.
You closely miss the orc warrior.
The orc warrior hits you but does no damage.
Unknown command.
You closely miss the orc warrior.
Unknown command.
You barely miss the orc warrior. The orc warrior completely misses you.
Unknown command.
You barely miss the orc warrior.
The orc warrior hits you but does no damage.
Unknown command.
You slash the orc warrior!
The orc warrior hits you with a war axe.
Unknown command.
You hit the orc warrior.
The orc warrior hits you but does no damage.
Unknown command.
You closely miss the orc warrior.
Unknown command.
You closely miss the orc warrior.
The orc warrior hits you but does no damage.
Unknown command.
You hit the orc warrior but do no damage.
You feel less wooden.
Your +0 pair of boots unmelds from your body.
Your +0 scale mail of poison resistance unmelds from your body.
You feel resistant to poison. The orc warrior completely misses you.
Unknown command.
You closely miss the orc warrior.
You hear some strange, mumbled words.
The orc warrior hits you with a war axe!
* * * LOW HITPOINT WARNING * * *
You hit the orc warrior but do no damage.
An orc wizard appears from thin air!
Reactivating autopickup.
The orc warrior hits you with a war axe!
* * * LOW HITPOINT WARNING * * *
You hit the orc warrior but do no damage.
Unknown command.
You hit the orc warrior.
The orc warrior hits you with a war axe!
* * * LOW HITPOINT WARNING * * *
Your scale mail prevents you from hitting the orc warrior.
The orc warrior hits you with a war axe!
You die...

, , , #...........(... ,
#.........((?...
*#............... ,
#........(??.... ..
#..............# , ,,
..##............... ,
..................# *
#....###o.......##. ,
.......@###.....##....##
...(...†###.######.....#
.......................#
,
.......[∩...............
,
####....................
,
........................
....##..................
,
....*##.................
, ... #.................


You could see an orc warrior.

Vanquished Creatures
  3 ogres
  Blork the orc (D:6)
  A howler monkey (D:4)
  An orc priest (D:2)
  6 orc wizards
  Jessica (D:2)
  Ijyb (D:4)
  2 iguanas
  6 worker ants
  3 gnolls (D:4)
  8 adders
  A shadow imp (D:5)
  2 oozes (D:2)
  6 worms
  7 dart slugs
  4 leopard geckos
  29 orcs
  3 ball pythons
  A giant cockroach (D:6)
  11 goblins
  8 hobgoblins
  13 jackals
  12 kobolds
  5 bats
  6 rats
141 creatures vanquished.

Notes
Turn   | Place    | Note
-------+----------+-------------------------------------------
     0 | D:1      | MatthieuS the Deep Dwarf Wanderer began the quest for the
                  | Orb.
     0 | D:1      | MatthieuS set off with: a +2 hand crossbow, 28 bolts, a
                  | potion of curing {@q1}, a scroll of teleportation {@r4}, a
                  | ration, a +0 robe
     0 | D:1      | Reached XP level 1. HP: 20/20 MP: 2/2
   375 | D:1      | Reached XP level 2. HP: 26/28 MP: 3/3
   732 | D:1      | Reached skill level 1 in Axes
   900 | D:2      | Reached XP level 3. HP: 26/34 MP: 3/3
   949 | D:2      | Reached skill level 2 in Axes
  1077 | D:2      | Reached XP level 4. HP: 34/44 MP: 4/4
  1136 | D:2      | Reached skill level 3 in Axes
  1222 | D:2      | Noticed Jessica
  1240 | D:2      | Killed Jessica
  1240 | D:2      | Reached XP level 5. HP: 24/50 MP: 5/5
  1294 | D:2      | Reached skill level 1 in Spellcasting
  1358 | D:2      | Found a runed door.
  1432 | D:2      | Found an iron altar of Okawaru.
  1794 | D:3      | Reached skill level 4 in Axes
  2043 | D:3      | Reached XP level 6. HP: 26/57 MP: 5/5
  2137 | D:3      | Found a shattered altar of Ashenzari.
  2389 | D:3      | Found an opulent altar of Gozag.
  2969 | D:4      | Reached skill level 5 in Axes
  2975 | D:4      | Noticed Ijyb
  2989 | D:4      | Killed Ijyb
  2999 | D:4      | Reached XP level 7. HP: 39/66 MP: 5/5
  3422 | D:4      | Reached skill level 6 in Axes
  3481 | D:4      | Reached skill level 5 in Fighting
  3957 | D:5      | Entered Level 5 of the Dungeon
  4288 | D:5      | Noticed Prince Ribbit
  4385 | D:6      | Noticed Blork the orc
  4393 | D:6      | Killed Blork the orc
  4413 | D:6      | Reached skill level 7 in Axes
  4413 | D:6      | Reached XP level 8. HP: 43/74 MP: 6/6
  4416 | D:6      | Found Fuvoug's Armour Shoppe.
  4433 | D:6      | Bought a +0 scale mail of poison resistance for 120 gold
                  | pieces
  4501 | D:6      | Slain by an orc warrior

Vault maps used:
D:1:      saegor_arrival_simple_a, solitary_fountain
D:2:      nicolae_overflow_crystal_walls, uniq_crazy_yiuf_cottage, uniq_jessica
D:3:      lemuel_coloured_pillars_altar,
          nicolae_gozag_cash_rules_everything_around_me, serial_bayou_lagoon_a,
          hangedman_decor_clover_reticule
D:4:      uniq_ijyb
D:5:      first_ration, minivault_23, uniq_prince_ribbit1
D:6:      kennysheep_little_box, serial_curves, eino_curves_01, eino_curves_03,
          serial_shops, shop, grunt_ministairs_11, uniq_blork_the_orc

Skill      XL: |  1  2  3  4  5  6  7 |
---------------+----------------------+-----
Fighting       | 3 4 5 |  5.4
Axes           | 1 2 3 4 5 7 |  7.2
Spellcasting   | 1 2 3 |  3.0
Crossbows      | |  2.1
Armour         | |  3.6
Stealth        | |  1.2
Evocations     | |  1.3

Action                   |  1- 3 |  4- 6 |  7- 9 || total
-------------------------+-------+-------+-------++-------
Melee: Dagger            |    11 |       |       ||    11
       Hand axe          |   106 |   371 |   147 ||   624
 Fire: Hand crossbow     |    25 |     8 |    29 ||    62
 Abil: Heal Wounds       |     2 |     9 |     3 ||    14
Evoke: Wand              |       |       |    10 ||    10
  Use: Scroll            |     1 |     5 |     1 ||     7
       Potion            |       |     3 |     4 ||     7
 Stab: Sleeping          |     1 |       |       ||     1
       Invisible         |       |     1 |       ||     1
       Distracted        |       |       |     1 ||     1
  Eat: Chunk             |       |     8 |     5 ||    13
Armor: Robe              |     6 |       |       ||     6
       Ring mail         |    40 |    90 |       ||   130
       Scale mail        |       |    93 |    44 ||   137
       Skin              |       |       |    38 ||    38
Dodge: Dodged            |    82 |   210 |    50 ||   342

Table legend:
 A = Non-vault XP
 B = Vault XP
 C = Vault XP percentage of total XP
 D = Non-vault monster count
 E = Vault monster count
 F = Vault count percentage of total count
                 A         B        C        D         E       F
            +---------+---------+-------+---------+---------+-------
      Total |    1389 |     172 |  11.0 |     138 |       3 |   2.1
            +---------+---------+-------+---------+---------+-------
        D:1 |      30 |       0 |   0.0 |      17 |       0 |   0.0
        D:2 |     207 |      37 |  15.2 |      35 |       1 |   2.8
        D:3 |     219 |       0 |   0.0 |      42 |       0 |   0.0
        D:4 |     510 |      36 |   6.6 |      26 |       1 |   3.7
        D:5 |     181 |       0 |   0.0 |      13 |       0 |   0.0
        D:6 |     242 |      99 |  29.0 |       5 |       1 |  16.7
            +---------+---------+-------+---------+---------+-------
